[ AOE2 MATCH · #478697536 ]
UnrankedDravidians vs None
Player's team · LOSS
Rival team · WIN
[ REPLAY ANALYSIS · EXTRACTED FROM THE RECORDED GAME ]
Feudal
—
Castle
—
Imperial
—
| APM avg | 30.8 |
| APM peak | 60 |
| eAPM avg | 9.8 |
| Villagers / military | 0 / 0 |
Focus
⚔️ 100.0% · 🌾 0.0%
Feudal
—
Castle
—
Imperial
—
| APM avg | 59.8 |
| APM peak | 90 |
| eAPM avg | 44.1 |
| Villagers / military | 0 / 1006 |
Focus
⚔️ 95.7% · 🌾 4.3%
Archer ×955 · Militia ×51
Feudal
—
Castle
—
Imperial
—
| APM avg | 34.0 |
| APM peak | 60 |
| eAPM avg | 16.5 |
| Villagers / military | 0 / 0 |
Focus
⚔️ 71.7% · 🌾 28.3%
Feudal
—
Castle
—
Imperial
—
| APM avg | 94.3 |
| APM peak | 138 |
| eAPM avg | 47.9 |
| Villagers / military | 0 / 88 |
Focus
⚔️ 96.2% · 🌾 3.8%
Archer ×79 · Militia ×9
Feudal
—
Castle
—
Imperial
—
| APM avg | 66.4 |
| APM peak | 147 |
| eAPM avg | 24.3 |
| Villagers / military | 0 / 502 |
Focus
⚔️ 77.4% · 🌾 22.6%
Elite Huskarl ×477 · Archer ×25
Feudal
—
Castle
—
Imperial
—
| APM avg | 77.7 |
| APM peak | 116 |
| eAPM avg | 32.5 |
| Villagers / military | 0 / 102 |
Focus
⚔️ 98.5% · 🌾 1.5%
Hand Cannoneer ×102
Feudal
—
Castle
—
Imperial
—
| APM avg | 68.0 |
| APM peak | 111 |
| eAPM avg | 30.5 |
| Villagers / military | 0 / 0 |
Focus
⚔️ 72.6% · 🌾 27.4%
Feudal
—
Castle
—
Imperial
—
| APM avg | 55.0 |
| APM peak | 112 |
| eAPM avg | 16.4 |
| Villagers / military | 0 / 10 |
Focus
⚔️ 84.6% · 🌾 15.4%
Knight ×10
Match map
Initial resources + every placement click. Lines = walls · curves = elevation contours. ◆ gold · ⬟ stone · ● berries · ✦ relic · ◌ wall gap
Your base· Open
VENÓN | SiNySTeR's base· Open
VENÓN | SHARIS's base· ✓ Map-separated
VENON | Droga0's base· Open
VENÓN | MX's base· ✓ Map-separated
[GDL]BetoxAOE's base· Open
[VL] Davinci's base· Open
Yaru_'s base· Open
Smoothed initial terrain · ◌ = detected wall gap · hover for details
Inputs per minute
— VENÓN | AsMelodiant - - VENÓN | SiNySTeR
Build order — VENÓN | AsMelodiant
12 actions detected in the replay
| 15:36 | Research | Chain Mail Armor |
| 15:37 | Research | Iron Casting |
| 15:38 | Research | Bodkin Arrow |
| 15:38 | Research | Leather Archer Armor |
| 15:39 | Research | Chain Barding Armor |
| 15:42 | Research | Medical Corps |
| 15:43 | Research | Medical Corps |
| 16:28 | Research | Ballistics |
| 16:29 | Research | Guard Tower (upgrade) |
| 16:29 | Research | Tech 909 |
| 16:31 | Research | Tech 908 |
| 16:31 | Research | Careening |
Build order — VENÓN | SiNySTeR
First 150 of 400 actions detected
| 3:00 | Build | Archery Range |
| 3:01 | Build | Archery Range |
| 3:02 | Build | Archery Range |
| 3:03 | Build | Archery Range |
| 3:05 | Build | Archery Range |
| 3:07 | Build | Archery Range |
| 3:08 | Build | Archery Range |
| 3:09 | Build | Archery Range |
| 3:11 | Build | Archery Range |
| 3:12 | Build | Archery Range |
| 3:13 | Build | Archery Range |
| 3:15 | Build | Archery Range |
| 3:15 | Build | Archery Range |
| 3:16 | Build | Archery Range |
| 3:18 | Build | Archery Range |
| 3:19 | Build | Archery Range |
| 3:33 | Research | Bodkin Arrow |
| 3:33 | Research | Bodkin Arrow |
| 3:33 | Research | Leather Archer Armor |
| 3:33 | Research | Leather Archer Armor |
| 3:44 | Research | Crossbowman (upgrade) |
| 3:44 | Research | Crossbowman (upgrade) |
| 3:45 | Research | Thumb Ring |
| 3:45 | Research | Thumb Ring |
| 3:48 | Research | Ballistics |
| 3:49 | Research | Treadmill Crane |
| 3:49 | Research | Treadmill Crane |
| 3:50 | Research | Guard Tower (upgrade) |
| 3:50 | Research | Guard Tower (upgrade) |
| 4:09 | Create | Archer ×5 |
| 4:09 | Create | Archer ×5 |
| 4:09 | Create | Archer ×5 |
| 4:10 | Create | Archer ×3 |
| 4:25 | Create | Archer ×5 |
| 4:25 | Create | Archer ×5 |
| 4:28 | Create | Archer ×5 |
| 4:28 | Create | Archer ×5 |
| 4:53 | Create | Archer |
| 4:53 | Create | Archer |
| 5:01 | Create | Archer |
| 5:02 | Create | Archer ×5 |
| 5:02 | Create | Archer ×5 |
| 5:02 | Create | Archer ×5 |
| 5:02 | Create | Archer ×4 |
| 5:14 | Create | Archer |
| 5:14 | Create | Archer |
| 5:24 | Create | Archer |
| 5:30 | Create | Archer |
| 5:30 | Create | Archer |
| 5:38 | Create | Archer |
| 5:38 | Create | Archer |
| 5:49 | Create | Archer |
| 5:49 | Create | Archer ×5 |
| 5:50 | Create | Archer ×5 |
| 5:51 | Create | Archer |
| 5:51 | Create | Archer ×4 |
| 5:51 | Create | Archer ×4 |
| 5:56 | Create | Archer |
| 5:56 | Create | Archer |
| 5:59 | Create | Archer |
| 5:59 | Create | Archer |
| 6:02 | Create | Archer |
| 6:03 | Create | Archer ×5 |
| 6:03 | Create | Archer ×5 |
| 6:03 | Create | Archer ×4 |
| 6:14 | Create | Archer |
| 6:27 | Create | Archer |
| 6:28 | Create | Archer ×2 |
| 6:28 | Create | Archer ×2 |
| 6:36 | Create | Archer |
| 6:37 | Create | Archer |
| 6:42 | Create | Archer |
| 6:45 | Create | Archer ×5 |
| 6:46 | Create | Archer ×5 |
| 6:46 | Create | Archer ×5 |
| 6:50 | Create | Archer |
| 6:50 | Create | Archer ×5 |
| 6:51 | Create | Archer ×5 |
| 6:51 | Create | Archer ×5 |
| 6:57 | Create | Archer ×3 |
| 7:15 | Create | Archer ×3 |
| 7:16 | Create | Archer ×3 |
| 7:24 | Create | Archer ×4 |
| 7:24 | Create | Archer ×4 |
| 7:31 | Create | Archer ×5 |
| 7:31 | Create | Archer ×5 |
| 7:36 | Create | Archer |
| 7:36 | Create | Archer ×5 |
| 7:38 | Create | Archer |
| 7:38 | Create | Archer ×5 |
| 7:38 | Create | Archer ×5 |
| 7:40 | Create | Archer ×5 |
| 7:40 | Create | Archer ×5 |
| 7:40 | Create | Archer |
| 7:45 | Create | Archer |
| 7:45 | Create | Archer ×2 |
| 7:45 | Create | Archer |
| 7:54 | Create | Archer |
| 7:54 | Create | Archer ×2 |
| 7:54 | Create | Archer |
| 8:06 | Create | Archer ×4 |
| 8:06 | Create | Archer ×4 |
| 8:08 | Create | Archer |
| 8:08 | Create | Archer |
| 8:11 | Create | Archer |
| 8:12 | Create | Archer ×2 |
| 8:12 | Create | Archer |
| 8:21 | Create | Archer ×5 |
| 8:21 | Create | Archer ×5 |
| 8:21 | Create | Archer ×5 |
| 8:22 | Create | Archer ×5 |
| 8:23 | Create | Archer ×5 |
| 8:23 | Create | Archer ×5 |
| 8:23 | Create | Archer ×5 |
| 8:25 | Create | Archer |
| 8:25 | Create | Archer |
| 8:30 | Create | Archer |
| 8:30 | Create | Archer ×2 |
| 8:30 | Create | Archer |
| 8:33 | Create | Archer |
| 8:33 | Create | Archer |
| 8:36 | Create | Archer |
| 8:37 | Create | Archer |
| 8:42 | Create | Archer |
| 8:42 | Create | Archer ×3 |
| 8:42 | Create | Archer ×2 |
| 8:46 | Create | Archer |
| 8:55 | Create | Archer ×5 |
| 8:55 | Create | Archer ×5 |
| 8:55 | Create | Archer ×5 |
| 8:57 | Create | Archer |
| 8:57 | Create | Archer ×5 |
| 8:58 | Create | Archer ×4 |
| 8:59 | Create | Archer |
| 9:00 | Create | Archer |
| 9:01 | Create | Archer |
| 9:15 | Create | Archer ×4 |
| 9:15 | Create | Archer ×2 |
| 9:16 | Create | Archer ×2 |
| 9:24 | Create | Archer ×3 |
| 9:27 | Create | Archer |
| 9:27 | Create | Archer ×2 |
| 9:29 | Create | Archer |
| 9:30 | Create | Archer |
| 9:32 | Create | Archer |
| 9:35 | Create | Archer |
| 9:35 | Create | Archer |
| 9:39 | Create | Archer |
| 9:40 | Create | Archer |
| 9:44 | Create | Archer ×5 |
Build order — VENÓN | SHARIS
0 actions detected in the replay
Build order — VENON | Droga0
111 actions detected in the replay
| 7:07 | Research | Chain Mail Armor |
| 7:08 | Research | Iron Casting |
| 7:08 | Research | Iron Casting |
| 7:15 | Research | Atlatl |
| 8:23 | Research | Bodkin Arrow |
| 8:23 | Research | Leather Archer Armor |
| 8:23 | Research | Leather Archer Armor |
| 13:19 | Research | Ballistics |
| 13:20 | Research | Ballistics |
| 16:12 | Research | Treadmill Crane |
| 16:12 | Research | Treadmill Crane |
| 16:12 | Research | Treadmill Crane |
| 16:13 | Research | Tech 908 |
| 16:13 | Research | Guard Tower (upgrade) |
| 17:05 | Build | Archery Range |
| 17:06 | Build | Archery Range |
| 17:08 | Build | Archery Range |
| 17:29 | Build | Archery Range |
| 17:30 | Build | Archery Range |
| 17:31 | Build | Archery Range |
| 17:33 | Build | Archery Range |
| 17:34 | Build | Archery Range |
| 17:35 | Build | Archery Range |
| 17:51 | Research | Crossbowman (upgrade) |
| 17:57 | Build | Barracks |
| 17:59 | Build | Barracks |
| 18:00 | Build | Barracks |
| 18:02 | Build | Archery Range |
| 18:24 | Create | Archer ×5 |
| 18:25 | Create | Archer ×5 |
| 18:25 | Create | Archer ×5 |
| 18:27 | Create | Archer |
| 18:27 | Create | Archer |
| 18:27 | Create | Archer |
| 18:28 | Create | Archer |
| 18:28 | Create | Archer |
| 18:28 | Create | Archer |
| 18:29 | Create | Archer |
| 18:29 | Create | Archer |
| 18:29 | Create | Archer |
| 18:38 | Create | Archer |
| 18:38 | Create | Archer |
| 18:39 | Create | Archer |
| 18:39 | Create | Archer |
| 18:44 | Create | Archer |
| 18:44 | Create | Archer |
| 18:44 | Create | Archer |
| 18:45 | Create | Archer |
| 18:46 | Create | Archer |
| 18:49 | Create | Archer |
| 18:49 | Create | Archer |
| 18:49 | Create | Archer |
| 18:49 | Create | Archer |
| 18:50 | Create | Archer |
| 18:51 | Create | Archer |
| 18:52 | Create | Archer |
| 18:52 | Create | Archer |
| 18:52 | Create | Archer |
| 18:57 | Create | Archer |
| 18:57 | Create | Archer |
| 18:57 | Create | Archer |
| 18:57 | Create | Archer |
| 18:58 | Create | Archer |
| 19:04 | Create | Archer |
| 19:17 | Build | Barracks |
| 19:18 | Build | Barracks |
| 19:19 | Build | Archery Range |
| 19:20 | Create | Archer |
| 19:20 | Create | Archer |
| 19:24 | Create | Archer |
| 19:25 | Create | Archer |
| 19:25 | Create | Archer |
| 19:25 | Create | Archer |
| 19:26 | Create | Archer |
| 19:28 | Create | Archer |
| 19:29 | Create | Archer |
| 19:29 | Create | Archer |
| 19:33 | Create | Archer |
| 19:34 | Create | Archer |
| 19:34 | Create | Archer |
| 19:37 | Research | Long Swordsman (upgrade) |
| 19:38 | Research | Long Swordsman (upgrade) |
| 19:41 | Research | Gambesons |
| 19:42 | Research | Arson |
| 19:51 | Create | Militia |
| 19:51 | Create | Militia |
| 19:52 | Create | Militia |
| 19:59 | Create | Militia |
| 19:59 | Create | Militia |
| 19:59 | Create | Militia |
| 19:59 | Create | Militia |
| 20:00 | Create | Militia |
| 20:00 | Create | Militia |
| 20:01 | Create | Archer |
| 20:01 | Create | Archer |
| 20:03 | Create | Archer |
| 20:03 | Create | Archer |
| 20:03 | Create | Archer |
| 20:04 | Create | Archer |
| 20:04 | Create | Archer |
| 20:05 | Create | Archer |
| 20:05 | Create | Archer |
| 20:06 | Create | Archer |
| 20:06 | Create | Archer |
| 20:12 | Create | Archer |
| 20:12 | Create | Archer |
| 20:14 | Create | Archer |
| 20:14 | Create | Archer |
| 20:19 | Create | Archer |
| 20:19 | Create | Archer |
| 20:20 | Create | Archer |
Build order — VENÓN | MX
147 actions detected in the replay
| 5:48 | Build | Archery Range |
| 5:49 | Build | Archery Range |
| 5:50 | Build | Archery Range |
| 5:50 | Build | Archery Range |
| 7:54 | Build | Barracks |
| 8:40 | Build | Barracks |
| 8:41 | Build | Barracks |
| 8:42 | Build | Barracks |
| 9:33 | Research | Chain Mail Armor |
| 9:34 | Research | Iron Casting |
| 9:59 | Research | Crossbowman (upgrade) |
| 10:03 | Research | Bodkin Arrow |
| 10:03 | Research | Leather Archer Armor |
| 10:04 | Research | Chain Barding Armor |
| 10:05 | Research | Ballistics |
| 10:06 | Research | Tech 909 |
| 10:06 | Research | Tech 908 |
| 10:07 | Research | Careening |
| 10:16 | Create | Archer ×5 |
| 10:16 | Create | Archer ×5 |
| 10:18 | Create | Archer ×5 |
| 10:31 | Create | Archer ×5 |
| 10:31 | Create | Archer ×5 |
| 11:30 | Build | Barracks |
| 11:32 | Build | Barracks |
| 11:33 | Build | Barracks |
| 11:34 | Build | Barracks |
| 11:46 | Research | Long Swordsman (upgrade) |
| 11:46 | Research | Pikeman (upgrade) |
| 12:32 | Build | Barracks |
| 12:33 | Build | Barracks |
| 12:34 | Build | Barracks |
| 12:35 | Build | Barracks |
| 14:15 | Research | Spies/Treason |
| 14:15 | Research | Conscription |
| 14:16 | Research | Perfusion |
| 14:16 | Research | Tech 1181 |
| 14:16 | Research | Sappers |
| 14:18 | Research | Blast Furnace |
| 14:18 | Research | Bracer |
| 14:19 | Research | Ring Archer Armor |
| 14:20 | Research | Chemistry |
| 15:05 | Create | Elite Huskarl ×5 |
| 15:05 | Create | Elite Huskarl ×5 |
| 15:06 | Create | Elite Huskarl ×5 |
| 15:06 | Create | Elite Huskarl ×5 |
| 15:06 | Create | Elite Huskarl ×5 |
| 15:10 | Create | Elite Huskarl ×5 |
| 15:10 | Create | Elite Huskarl ×5 |
| 15:10 | Create | Elite Huskarl ×5 |
| 15:11 | Create | Elite Huskarl ×5 |
| 15:11 | Create | Elite Huskarl ×5 |
| 15:11 | Create | Elite Huskarl ×5 |
| 15:12 | Create | Elite Huskarl ×5 |
| 15:22 | Create | Elite Huskarl ×5 |
| 15:22 | Create | Elite Huskarl ×5 |
| 15:23 | Create | Elite Huskarl ×5 |
| 15:23 | Create | Elite Huskarl ×5 |
| 15:23 | Create | Elite Huskarl ×5 |
| 15:23 | Create | Elite Huskarl ×5 |
| 15:24 | Create | Elite Huskarl ×5 |
| 15:24 | Create | Elite Huskarl ×5 |
| 15:24 | Create | Elite Huskarl ×5 |
| 15:25 | Create | Elite Huskarl ×5 |
| 15:25 | Create | Elite Huskarl ×5 |
| 15:25 | Create | Elite Huskarl ×5 |
| 15:25 | Create | Elite Huskarl ×5 |
| 15:25 | Create | Elite Huskarl ×5 |
| 15:26 | Create | Elite Huskarl ×5 |
| 15:28 | Create | Elite Huskarl ×5 |
| 15:29 | Create | Elite Huskarl ×5 |
| 15:29 | Create | Elite Huskarl ×5 |
| 15:29 | Create | Elite Huskarl ×5 |
| 15:30 | Create | Elite Huskarl ×2 |
| 15:36 | Research | Elite Skirmisher (upgrade) |
| 15:48 | Create | Elite Huskarl ×5 |
| 15:48 | Create | Elite Huskarl ×5 |
| 15:48 | Create | Elite Huskarl ×5 |
| 15:48 | Create | Elite Huskarl ×5 |
| 15:49 | Create | Elite Huskarl ×5 |
| 15:49 | Create | Elite Huskarl ×5 |
| 15:49 | Create | Elite Huskarl ×5 |
| 15:49 | Create | Elite Huskarl ×5 |
| 15:49 | Create | Elite Huskarl ×5 |
| 15:50 | Create | Elite Huskarl ×2 |
| 15:58 | Create | Elite Huskarl ×5 |
| 15:59 | Create | Elite Huskarl ×5 |
| 15:59 | Create | Elite Huskarl ×5 |
| 15:59 | Create | Elite Huskarl ×3 |
| 16:45 | Create | Elite Huskarl ×5 |
| 16:45 | Create | Elite Huskarl ×5 |
| 16:46 | Create | Elite Huskarl ×5 |
| 16:46 | Create | Elite Huskarl ×5 |
| 16:46 | Create | Elite Huskarl ×5 |
| 16:57 | Create | Elite Huskarl ×5 |
| 16:57 | Create | Elite Huskarl ×5 |
| 16:57 | Create | Elite Huskarl ×5 |
| 16:58 | Create | Elite Huskarl ×5 |
| 16:58 | Create | Elite Huskarl ×5 |
| 16:58 | Create | Elite Huskarl ×5 |
| 17:08 | Create | Elite Huskarl ×5 |
| 17:08 | Create | Elite Huskarl ×5 |
| 17:08 | Create | Elite Huskarl ×5 |
| 17:08 | Create | Elite Huskarl ×5 |
| 17:09 | Create | Elite Huskarl ×5 |
| 17:09 | Create | Elite Huskarl ×5 |
| 17:09 | Create | Elite Huskarl ×5 |
| 17:09 | Create | Elite Huskarl ×5 |
| 17:10 | Create | Elite Huskarl ×5 |
| 17:10 | Create | Elite Huskarl ×5 |
| 17:10 | Create | Elite Huskarl ×5 |
| 17:10 | Create | Elite Huskarl ×5 |
| 17:37 | Create | Elite Huskarl ×5 |
| 17:37 | Create | Elite Huskarl ×5 |
| 17:37 | Create | Elite Huskarl ×5 |
| 17:38 | Create | Elite Huskarl ×5 |
| 17:38 | Create | Elite Huskarl ×5 |
| 17:53 | Create | Elite Huskarl ×5 |
| 17:54 | Create | Elite Huskarl ×5 |
| 17:54 | Create | Elite Huskarl ×5 |
| 17:54 | Create | Elite Huskarl ×5 |
| 17:54 | Create | Elite Huskarl ×5 |
| 18:19 | Create | Elite Huskarl ×5 |
| 18:20 | Create | Elite Huskarl ×5 |
| 18:20 | Create | Elite Huskarl ×5 |
| 18:20 | Create | Elite Huskarl ×5 |
| 18:45 | Build | Barracks |
| 18:47 | Create | Elite Huskarl ×5 |
| 18:48 | Create | Elite Huskarl ×5 |
| 18:48 | Create | Elite Huskarl ×5 |
| 18:48 | Create | Elite Huskarl ×5 |
| 18:48 | Create | Elite Huskarl ×5 |
| 18:49 | Create | Elite Huskarl ×5 |
| 18:49 | Create | Elite Huskarl ×5 |
| 18:49 | Create | Elite Huskarl ×5 |
| 18:49 | Create | Elite Huskarl ×5 |
| 18:49 | Create | Elite Huskarl ×5 |
| 19:16 | Research | Tech 907 |
| 19:16 | Research | Shipwright |
| 19:17 | Research | Tech 910 |
| 19:18 | Research | Tech 910 |
| 19:45 | Build | Barracks |
| 19:46 | Build | Barracks |
| 19:49 | Create | Elite Huskarl ×5 |
| 20:11 | Create | Elite Huskarl ×5 |
| 20:11 | Create | Elite Huskarl ×5 |
| 20:11 | Create | Elite Huskarl ×5 |
Build order — [GDL]BetoxAOE
63 actions detected in the replay
| 12:35 | Research | Wagenburg Tactics |
| 12:35 | Research | Wagenburg Tactics |
| 12:38 | Research | Chain Barding Armor |
| 12:38 | Research | Chain Mail Armor |
| 12:38 | Research | Iron Casting |
| 12:39 | Research | Bodkin Arrow |
| 12:39 | Research | Leather Archer Armor |
| 12:42 | Research | Treadmill Crane |
| 12:42 | Research | Ballistics |
| 12:43 | Research | Chemistry |
| 12:43 | Research | Guard Tower (upgrade) |
| 12:44 | Research | Guard Tower (upgrade) |
| 12:44 | Research | Careening |
| 12:44 | Research | Tech 909 |
| 12:44 | Research | Tech 908 |
| 16:52 | Build | Archery Range |
| 16:54 | Build | Archery Range |
| 16:56 | Build | Archery Range |
| 16:57 | Build | Archery Range |
| 16:59 | Build | Archery Range |
| 16:59 | Build | Archery Range |
| 17:04 | Build | Archery Range |
| 17:06 | Build | Archery Range |
| 17:08 | Build | Archery Range |
| 17:15 | Build | Archery Range |
| 17:16 | Build | Archery Range |
| 17:17 | Build | Archery Range |
| 17:18 | Build | Archery Range |
| 17:21 | Build | Archery Range |
| 17:22 | Build | Archery Range |
| 17:23 | Build | Archery Range |
| 17:25 | Build | Archery Range |
| 18:31 | Create | Hand Cannoneer ×5 |
| 18:31 | Create | Hand Cannoneer ×5 |
| 18:32 | Create | Hand Cannoneer ×5 |
| 18:32 | Create | Hand Cannoneer ×5 |
| 18:32 | Create | Hand Cannoneer ×5 |
| 18:32 | Create | Hand Cannoneer ×5 |
| 18:32 | Create | Hand Cannoneer ×5 |
| 18:33 | Create | Hand Cannoneer ×5 |
| 18:33 | Create | Hand Cannoneer ×5 |
| 19:13 | Create | Hand Cannoneer ×5 |
| 19:13 | Create | Hand Cannoneer ×5 |
| 19:13 | Create | Hand Cannoneer ×5 |
| 19:13 | Create | Hand Cannoneer ×3 |
| 19:35 | Create | Hand Cannoneer ×5 |
| 19:36 | Create | Hand Cannoneer ×5 |
| 19:36 | Create | Hand Cannoneer ×5 |
| 19:36 | Create | Hand Cannoneer ×5 |
| 19:36 | Create | Hand Cannoneer ×5 |
| 19:37 | Create | Hand Cannoneer ×5 |
| 19:37 | Create | Hand Cannoneer ×5 |
| 19:46 | Create | Hand Cannoneer ×3 |
| 19:47 | Create | Hand Cannoneer |
| 20:00 | Research | Elite Hussite Wagon (upgrade) |
| 20:01 | Research | Conscription |
| 20:01 | Research | Conscription |
| 20:03 | Research | Spies/Treason |
| 20:03 | Research | Spies/Treason |
| 20:03 | Research | Sappers |
| 20:03 | Research | Sappers |
| 20:03 | Research | Hussite Reforms |
| 20:03 | Research | Hussite Reforms |
Build order — [VL] Davinci
12 actions detected in the replay
| 8:54 | Research | Tech 1006 |
| 8:55 | Research | Iron Casting |
| 8:56 | Research | Iron Casting |
| 8:56 | Research | Chain Mail Armor |
| 11:55 | Research | Bodkin Arrow |
| 12:01 | Research | Treadmill Crane |
| 17:59 | Research | Plate Mail Armor |
| 17:59 | Research | Plate Mail Armor |
| 18:00 | Research | Plate Mail Armor |
| 18:29 | Research | Bracer |
| 18:31 | Research | Ballistics |
| 18:31 | Research | Chemistry |
Build order — Yaru_
20 actions detected in the replay
| 14:21 | Research | Chain Barding Armor |
| 14:26 | Research | Ballistics |
| 14:32 | Research | Iron Casting |
| 17:55 | Build | Stable |
| 17:56 | Build | Stable |
| 18:04 | Build | Stable |
| 18:06 | Build | Stable |
| 18:08 | Build | Stable |
| 18:10 | Build | Stable |
| 18:10 | Build | Stable |
| 18:12 | Build | Stable |
| 18:13 | Build | Stable |
| 18:42 | Build | Stable |
| 19:05 | Build | Stable |
| 19:07 | Build | Stable |
| 19:08 | Build | Stable |
| 19:48 | Research | Bloodlines |
| 19:48 | Research | Husbandry |
| 19:52 | Create | Knight ×5 |
| 19:55 | Create | Knight ×5 |
Match timeline
| 3:00 | VENÓN | SiNySTeR · first_building Archery Range |
| 5:48 | VENÓN | MX · first_building Archery Range |
| 7:54 | VENÓN | MX · first_building Barracks |
| 10:34 | VENÓN | SiNySTeR · first_building Barracks |
| 16:52 | [GDL]BetoxAOE · first_building Archery Range |
| 17:05 | VENON | Droga0 · first_building Archery Range |
| 17:55 | Yaru_ · first_building Stable |
| 17:57 | VENON | Droga0 · first_building Barracks |
| 20:12 | VENÓN | SiNySTeR · resign |
[ AI ANALYSIS · 1 CREDIT ]
What really happened in this match?
Wolo.gg analyzes every decision: build order, eco, micro, common mistakes by bracket. Personalized analysis on WhatsApp or Discord in 30 seconds.
Civ guide
Dravidians
Perfil
Jugador #235877